 Dungeon Crawl Stone Soup version 0.31-a0-865-g3d5d91748a (webtiles) character file.

Game seed: 10798065405757642321

564 Flugkiller the Chopper (level 7, 39/61 HPs)
             Began as a Purple Draconian Berserker on Oct 10, 2023.
             Was a Priest of Trog.
             Quit the game on level 4 of the Dungeon.
             The game lasted 00:02:12 (3303 turns).

Flugkiller the Chopper (Purple Draconian Berserker) Turns: 3303, Time: 00:02:13

Health: 39/61      AC:  7    Str: 20    XL:     7   Next: 10%
Magic:  7/7        EV: 13    Int:  7    God:    Trog [***...]
Gold:   151        SH:  0    Dex: 12    Spells: 6/6 levels left

rFire   . . .        a - +0 hand axe
rCold   . . .        (no shield)
rNeg    . . .        (body armour unavailable)
rPois   .            (helmet restricted)
rElec   .            (no cloak)
rCorr   .            (no gloves)
SInv    .            p - +0 pair of boots
Will    ++...        (no amulet)
Stlth   +            m - ring of willpower
HPRegen 0.30/turn    (no ring)
MPRegen 0.10/turn

%: no passive effects
@: on berserk cooldown, slowed, very slow
A: breathe power, AC +6, unfitting armour, cold-blooded
a: Breathe Dispelling Energy, Renounce Religion, Berserk, Trog's Hand


You were on level 4 of the Dungeon.
You worshipped Trog.
Trog was most pleased with you.
You visited 1 branch of the dungeon, and saw 4 of its levels.

You collected 151 gold pieces.

Inventory:

Hand Weapons
 a - a +0 hand axe (weapon)
Armour
 p - a +0 pair of boots (worn)
   (You found it on level 3 of the Dungeon)
Jewellery
 m - a ring of willpower (left hand)
   (You found it on level 1 of the Dungeon)
Scrolls
 d - 2 scrolls of vulnerability
 g - a scroll of summoning
 k - a scroll of fear
 o - a scroll of torment {unknown}
 z - 3 scrolls of blinking
Potions
 c - a potion of lignification
 e - a potion of enlightenment
 f - a potion of might {unknown}
 h - a potion of haste
 i - a potion of attraction
 j - a potion of magic
 l - a potion of heal wounds {unknown}
 n - a potion of ambrosia {unknown}


   Skills:
 + Level 5.2 Fighting
 * Level 6.1 Axes
 + Level 4.3 Dodging


You had 6 spell levels left.
You didn't know any spells.
Your spell library was empty.

Dungeon Overview and Level Annotations

Branches:
Dungeon (4/15) Zot: 20617  Temple (0/1) D:4

Altars:
Cheibriados
Dithmenos
Makhleb
Sif Muna
Trog
Xom
Yredelemnul

Annotations:
D:1 2 transporters
D:4 Robin


Innate Abilities, Weirdness & Mutations

You can breathe bolts of dispelling energy.
Your rich purple scales are hard. (AC +6)
You cannot fit into any form of body armour.
You are cold-blooded and may be slowed by cold attacks.


Message History

The hound barely misses you. The hound bites you but does no damage.
You barely miss the hound.
The hound is heavily wounded.
The hound bites you.
You barely miss the hound.
The hound is heavily wounded.
The hound bites you but does no damage. The hound misses you.
You hit the hound but do no damage.
Your tail-slap misses the hound.
The hound is heavily wounded.
The hound closely misses you.
You closely miss the hound.
The hound is heavily wounded.
The hound bites you. The hound barely misses you.
You hit the hound.
The hound is heavily wounded.
The hound closely misses you.
You hit the hound.
The hound is almost dead.
The hound barely misses you. The hound bites you.
You barely miss the hound.
Your tail-slap misses the hound.
The hound is almost dead.
The hound closely misses you.
You hit the hound.
The hound is almost dead.
The hound completely misses you. The hound bites you but does no damage.
You hit the hound.
You kill the hound!
Trog accepts your kill.
No target in view!
No target in view!
No target in view!
No target in view!
Found a dagger.
No target in view!
You see here a +0 dagger.
Found a stone staircase leading down.
There is a stone staircase leading up here.
z - 3 scrolls of blinking (gained 1)
Found a staircase to the Ecumenical Temple.
No target in view!
No target in view!
No target in view!
No target in view!
An ogre comes into view. It is wielding a +0 giant club.
The ogre shouts!
You hear a shout!
A red film seems to cover your vision as you go berserk!
You feel yourself moving faster!
You feel mighty!
A goblin comes into view. It is wielding a +0 club.
You slash the ogre!
The ogre is moderately wounded.
You slash the ogre!
The ogre is severely wounded.
The ogre hits you with a +0 giant club!!
You slash the ogre!
You kill the ogre!
Trog accepts your kill.
Your Axes skill increases to level 6!
You have reached level 7!
Your scales start taking on a rich purple colour.
You learn Spellcasting much quicker.
You learn Hexes much quicker.
You learn Evocations quicker.
You can breathe bolts of dispelling energy.
Found a glowing grey potion.
Things that are here:
a +0 giant club; an ogre corpse You feel a strong urge to attack something.
You slash the goblin!
You kill the goblin!
Trog accepts your kill.
Robin of the Strong Arm comes into view.
They are wielding a +0 spear.
Robin shouts!
You hear a shout! x6
You see here a +0 club.
You feel a strong urge to attack something.
You are no longer berserk.
You are exhausted.
You feel yourself slow down. 5 goblins and 3 hobgoblins come into view.
Found a stone staircase leading down.
The goblin shouts! x4; The hobgoblin shouts!
A kobold comes into view. It is wielding a +0 whip.
The goblin unwields a +0 club.
The goblin wields a +0 sling.
The goblin shoots a sling bullet.
The sling bullet hits you but does no damage.
Robin hits you with a +0 spear.
Robin roars a battlecry!
The goblins go into a battle-frenzy!
A goblin comes into view. It is wielding a +0 club.
The hobgoblin shouts!
The kobold shouts!
You hit Robin but do no damage. You punch Robin, but do no damage.
You barely miss the goblin. Robin hits you but does no damage.
The goblin barely misses you.
You hit Robin. You tail-slap Robin, but do no damage.
Robin is moderately wounded.
You closely miss the goblin. Robin hits you but does no damage.
The goblin misses you.
Robin roars a battlecry!
The goblin goes into a battle-frenzy!
The goblin closely misses you.
Are you sure you want to abandon this character and quit the game? (Confirm with "yes".) .. ..# #. ..# #. ..#### #. #..... ..####.#.!..# ..gg.Kg.....# ..ggggggg...#

#####@....#
#
#.......#.#
.##.###)###
... #.# #
#.# #)# .
#.##.# ###.
#.#.# ...#
##..#
.##..#
##.###


You could see Robin, 3 hobgoblins, 6 goblins and a kobold.

Vanquished Creatures
  Sigmund (D:2)
  An ogre (D:4)
  A kobold brigand (D:3)
  A jelly (D:2)
  A hound (D:4)
  Terence (D:3)
  3 adders (D:3)
  An ufetubus (D:3)
  A worm (D:2)
  3 dart slugs
  2 orcs (D:3)
  5 ball pythons
  13 endoplasms
  3 giant cockroaches
  12 goblins
  7 hobgoblins
  14 kobolds
  4 quokkas (D:1)
  6 bats
  2 frilled lizards (D:1)
  3 rats
85 creatures vanquished.

Vanquished Creatures (collateral kills)
  A jelly (D:2)
  2 endoplasms (D:2)
3 creatures vanquished.

Grand Total: 88 creatures vanquished

Notes
Turn   | Place    | Note
-------+----------+-------------------------------------------
     0 | D:1      | Flugkiller the Draconian Berserker began the quest for the
                  | Orb.
     0 | D:1      | Reached XP level 1. HP: 19/19 MP: 1/1
    91 | D:1      | Reached XP level 2. HP: 6/26 MP: 2/2
   428 | D:1      | Reached XP level 3. HP: 22/33 MP: 3/3
   475 | D:1      | Reached ** piety under Trog
   556 | D:1      | Found a faded altar of an unknown god.
  1269 | D:2      | Noticed Sigmund
  1279 | D:2      | Killed Sigmund
  1280 | D:2      | Reached skill level 4 in Axes
  1280 | D:2      | Reached XP level 4. HP: 41/41 MP: 4/4
  1280 | D:2      | Reached XP level 5. HP: 47/47 MP: 5/5
  1387 | D:2      | Reached skill level 5 in Axes
  1494 | D:2      | Found a basalt altar of Yredelemnul.
  1877 | D:2      | Reached XP level 6. HP: 16/53 MP: 6/6
  2139 | D:2      | You fall into a shaft and drop 1 floor!
  2521 | D:3      | Found a shimmering altar of Xom.
  2621 | D:3      | Found a snail-covered altar of Cheibriados.
  2621 | D:3      | Found a burning altar of Makhleb.
  2623 | D:3      | Found a burning altar of Makhleb.
  2623 | D:3      | Found a bloodstained altar of Trog.
  2623 | D:3      | Found a shadowy altar of Dithmenos.
  2681 | D:3      | Noticed Terence
  2687 | D:3      | Killed Terence
  2837 | D:3      | Reached skill level 5 in Fighting
  2932 | D:3      | Found a shimmering blue altar of Sif Muna.
  3090 | D:2      | Reached *** piety under Trog
  3273 | D:4      | Found a staircase to the Ecumenical Temple.
  3295 | D:4      | Reached skill level 6 in Axes
  3295 | D:4      | Your scales start taking on a rich purple colour.
  3295 | D:4      | Reached XP level 7. HP: 59/61 MP: 7/7
  3297 | D:4      | Noticed Robin
  3303 | D:4      | Quit the game

Illustrated notes

Levels and vault maps discovered:
D:1:      spicycebolla_arrival_transporter_tutorial, layout_basic,
          ebering_ecumenical_altar_sacrificial
D:2:      cheibrodos_fertilizer, layout_basic, basic_altar, uniq_sigmund
D:3:      layout_basic, nicolae_sif_muna_condensation, doesnt_xom_only_xom,
          kennysheep_potato, uniq_terence
D:4:      layout_loops_ring, mainiacjoe_overflow_tiny_flanked,
          minmay_temple_entry_mini_moons, minmay_surrounded, uniq_grinder,
          uniq_robin

Skill      XL: |  1  2  3  4  5  6 |
---------------+-------------------+-----
Dodging        | 3 4 |  4.3
Fighting       | 4 5 |  5.2
Axes           | 4 5 6 |  6.1

Action                     |  1- 3 |  4- 6 |  7- 9 || total
---------------------------+-------+-------+-------++-------
  Melee: Hand axe          |   115 |   147 |     3 ||   265
         Tailslap          |     7 |    17 |     1 ||    25
         Punch             |     1 |     2 |     1 ||     4
 Invoke: Berserk           |     2 |     4 |       ||     6
    Use: Scroll            |       |    10 |       ||    10
   Stab: Sleeping          |       |     2 |       ||     2
 Armour: Skin              |    68 |    80 |     4 ||   152
  Dodge: Dodged            |    68 |   111 |     3 ||   182

Table legend: (Time is in decaauts)
 A = Elapsed time spent in this place.
 B = Non-inter-level travel time spent in this place.
 C = Inter-level travel time spent in this place.
 D = Time resting spent in this place.
 E = Time spent auto-exploring this place.
 F = Levels seen in this place.
 G = Mean time per level.
                   A        B        C        D        E       F      G
               +--------+--------+--------+--------+--------+-----+--------+
         Total |   3382 |   3148 |    234 |    536 |   2000 |   4 |  845.5 |
       Dungeon |   3382 |   3148 |    234 |    536 |   2000 |   4 |  845.5 |
               +--------+--------+--------+--------+--------+-----+--------+

Top non-repeatable levels by time:
     D:1: 1274 daAuts
     D:2: 1089 daAuts
     D:3: 912 daAuts
     D:4: 105 daAuts
